 Dungeon Sprint DCSS version 0.21.1-72-gffa868e0fe (webtiles) character file.

455 Pisosu the Blocker (level 6, 0/64 HPs)
             Began as a Minotaur Fighter on Aug 3, 2018.
             Slain by an ice devil (6 damage)
             ... summoned by a kobold demonologist
             ... in the Dungeon (Sprint I: "Red Sonja").
             The game lasted 00:00:50 (411 turns).

Pisosu the Blocker (Minotaur Fighter)                Turns: 411, Time: 00:00:51

Health: 0/64       AC:  8    Str: 23    XL:     6   Next: 76%
Magic:  5/5        EV:  9    Int:  5    God:
Gold:   270        SH: 12    Dex:  9    Spells: 5/5 levels left

rFire    . . .     SeeInvis .   a - +0 war axe
rCold    . . .     Gourm    .   c - +0 shield
rNeg     . . .     Faith    .   b - +0 scale mail
rPois    .         Spirit   .   (helmet restricted)
rElec    .         Reflect  .   (no cloak)
rCorr    .         Harm     .   (no gloves)
MR       .....     NoTele   +   (no boots)
Stlth    ..........             (no amulet)
HPRegen  0.20/turn              (no ring)
MPRegen  0.09/turn              (no ring)

@: no status effects
A: retaliatory headbutt, horns 2
a: no special abilities


You were in the Dungeon.
You were not hungry.

You visited 1 branch You collected 270 gold pieces.

Inventory:

Hand Weapons
 a - a +0 war axe (weapon)
Armour
 b - a +0 scale mail (worn)
 c - a +0 shield (worn)
Scrolls
 k - a scroll of blinking
Potions
 d - a potion of might
 e - a potion of curing
 g - a potion of heal wounds
 h - a potion of haste
 i - 2 potions of magic
 j - a potion of berserk rage
Comestibles
 f - a ration


   Skills:
 + Level 9.5 Fighting
 + Level 7.7 Axes
 + Level 9.8 Armour
 + Level 0.3 Dodging
 + Level 10.0 Shields


You had 5 spell levels left.
You didn't know any spells.

Dungeon Overview and Level Annotations

Branches:
Dungeon (1/1)

Altars:
Makhleb
Xom
Jiyva
Lugonu


Innate Abilities, Weirdness & Mutations

You reflexively headbutt those who attack you in melee.
You have a pair of horns on your head.


Message History

The kobold demonologist gestures wildly while chanting.
The floating eye seems to glare at you.
There isn't anything here!
The floating eye gazes piercingly through you!
You suddenly lose the ability to move!
The ice devil hits you.
* * * LOW HITPOINT WARNING * * *
The ice devil freezes you!
* * * LOW HITPOINT WARNING * * *
You can move again.
There is an open door, spattered with blood here.
You hit the ice devil but do no damage. You headbutt the ice devil!
The ice devil is moderately wounded.
You block the ice devil's attack.
You hit the ice devil but do no damage.
You headbutt the ice devil, but do no damage.
The ice devil is moderately wounded.
You hit the floating eye but do no damage.
The ice devil hits you.
You die...

##########################
#<.#..').#..'..#_5#5.'...#
#..'[.#..').#..@4K'4K#.K.#
#..#####'#####+#G_#### ..+
#..# #..# #### ## #..#
#### #..# #⌠⌠# ####


You could see an ice devil, 2 kobold demonologists, a chaos spawn, a floating
eye, a quasit and a shadow imp.

Vanquished Creatures
  A slime creature (D)
  Sigmund (D)
  An ogre (D)
  Ijyb (D)
4 creatures vanquished.

Notes
Turn   | Place    | Note
-------+----------+-------------------------------------------
     0 | D        | Pisosu the Minotaur Fighter began the quest for the Orb.
     0 | D        | Reached XP level 1. HP: 19/19 MP: 0/0
     2 | D        | Noticed Ijyb
    16 | D        | Killed Ijyb
    16 | D        | Reached skill level 5 in Fighting
    16 | D        | Reached skill level 5 in Armour
    16 | D        | Reached skill level 5 in Shields
    16 | D        | Reached XP level 2. HP: 26/29 MP: 1/1
    20 | D        | Noticed an ogre
    25 | D        | Killed an ogre
    25 | D        | Reached skill level 7 in Shields
    25 | D        | Reached XP level 3. HP: 35/38 MP: 2/2
    25 | D        | Reached XP level 4. HP: 42/45 MP: 3/3
    38 | D        | Noticed Sigmund
    46 | D        | Killed Sigmund
    46 | D        | Reached skill level 9 in Shields
    46 | D        | Reached XP level 5. HP: 29/56 MP: 4/4
    46 | D        | Reached XP level 6. HP: 32/62 MP: 5/5
   205 | D        | Found a burning altar of Makhleb.
   205 | D        | Found a viscous altar of Jiyva.
   205 | D        | Found a shimmering altar of Xom.
   205 | D        | Found a corrupted altar of Lugonu.
   205 | D        | Noticed a slime creature
   212 | D        | Killed a slime creature
   212 | D        | Reached skill level 10 in Shields
   399 | D        | Noticed a kobold demonologist
   399 | D        | Noticed a floating eye
   400 | D        | Noticed an ice devil
   401 | D        | Noticed a kobold demonologist
   402 | D        | Paralysed by a floating eye for 3 turns
   407 | D        | Noticed a chaos spawn
   408 | D        | Paralysed by a floating eye for 2 turns
   411 | D        | Slain by an ice devil

Skill      XL: |  1  2  3  4  5  6 |
---------------+-------------------+-----
Fighting       | 5 6 8 9 |  9.5
Axes           | 3 4 6 7 |  7.7
Armour         | 5 6 8 9 |  9.8
Shields        | 5 7 9 10 | 10.0
Dodging        | |  0.3

Action                   |  1- 3 |  4- 6 || total
-------------------------+-------+-------++-------
Melee: War axe           |    17 |    16 ||    33
       Headbutt          |     1 |     4 ||     5
Armor: Scale mail        |     9 |       ||     9
Dodge: Dodged            |     6 |     6 ||    12
Block: Shield            |     7 |     3 ||    10
